 Seeded DCSS version 0.30.1-4-g462c640d31 (webtiles) character file.

Game seed: 15140874439476535185 (custom seed)

14 Psyclone the Conjurer (level 2, -1/17 HPs)
             Began as an Octopode Conjurer on Sept 18, 2023.
             Slain by an endoplasm (2 damage)
             ... on level 1 of the Dungeon.
             The game lasted 00:01:42 (439 turns).

Psyclone the Conjurer (Octopode Conjurer)            Turns: 439, Time: 00:01:43

Health: -1/17      AC:  1    Str:  6    XL:     2   Next: 45%
Magic:  2/5        EV: 13    Int: 20    God:
Gold:   23         SH:  0    Dex: 10    Spells: 4/5 levels left

rFire   . . .        (no weapon)
rCold   . . .        (no shield)
rNeg    . . .        (helmet restricted)
rPois   .            (no amulet)
rElec   .            (no ring)
rCorr   .            (no ring)
SInv    .            (no ring)
Will    .....        (no ring)
Stlth   +++          (no ring)
HPRegen 0.22/turn    (no ring)
MPRegen 0.09/turn    (no ring)
                     (no ring)

%: no passive effects
@: no status effects
A: almost no armour, amphibious, 8 rings, camouflage 1, gelatinous body 1,
(nimble swimmer 1), tentacles
a: no special abilities


You were on level 1 of the Dungeon.
You visited 1 branch of the dungeon, and saw 2 of its levels.

You collected 23 gold pieces.

Inventory:

Scrolls
 b - a scroll of teleportation {unknown}
Potions
 a - a potion of magic


   Skills:
 + Level 2.2 Dodging
 + Level 3.2 Stealth
 + Level 2.2 Spellcasting
 + Level 4.1 Conjurations


You had 4 spell levels left.
You knew the following spells:

 Your Spells              Type           Power      Damage    Failure   Level
a - Magic Dart            Conj           72%        1d6       2%          1

Your spell library contained the following spells:

 Spells                   Type           Power      Damage    Failure   Level
 Searing Ray              Conj           36%        2d5       4%          2
 Dazzling Flash           Conj/Hex       20%        N/A       21%         3
 Fulminant Prism          Conj/Hex       5%         3d6       54%         4
 Iskenderun's Mystic Bla  Conj/Tloc      10%        2d4       54%         4


Dungeon Overview and Level Annotations

Branches:
Dungeon (2/15) Zot: 11560

Altars:
Gozag


Innate Abilities, Weirdness & Mutations

You cannot wear most types of armour.
You are amphibious.
You can wear up to eight rings at the same time.
Your skin changes colour to match your surroundings (Stealth+).
Your rubbery body absorbs attacks. (AC +1, EV +1)
((You are camouflaged when in or above water. (Stealth+)))
You have tentacles for arms and can constrict up to eight enemies at once.


Message History

The bat misses you. The bat barely misses you. The bat hits you.
The kobold throws a stone.
The stone closely misses you.
You take 1 damage, and have 12/17 hp.
The bat attacks as you move away! The bat hits you. The bat closely misses you.
You take 1 damage, and have 11/17 hp.
The endoplasm quivers.
The dart slug launches a dart at you. The slug dart hits you.
You take 1 damage, and have 10/17 hp.
The bat misses you.
The dart slug briefly extends its eye-stalks.
The bat closely misses you.
You barely miss the bat.
The kobold shouts!
You grab the bat.
The bat is moderately wounded.
You constrict the bat. The bat misses you.
The bat struggles to escape constriction.
The dart slug launches a dart at you. The slug dart hits you.
The bat escapes!
You take 1 damage, and have 9/17 hp.
The bat attacks as you move away! The bat closely misses you.
The kobold attacks as you move away!
The kobold hits you with a +0 short sword.
The bat closely misses you.
You take 3 damage, and have 6/17 hp.
The kobold attacks as you move away!
The kobold hits you with a +0 short sword.
* * * LOW HITPOINT WARNING * * *
The bat hits you but does no damage. The endoplasm freezes you.
You are frozen.
* * * LOW HITPOINT WARNING * * *
You take 3 damage, and have 3/17 hp.
The kobold attacks as you move away! The kobold hits you with a +0 dagger.
* * * LOW HITPOINT WARNING * * *
You take 2 damage, and have 1/17 hp.
The endoplasm attacks as you move away! The endoplasm hits you.
You die...

#........# #.......
#........# #.......
#........# #.......
#........####.......
#........##.....†...
+................>..
#####........##.#.#.....
......bKK.w.....#.......
##....@J.......#.###...
................#.......
.g..............#####.##
................+.....#
........!.......#####'##
###....w................
#.....................
#.....................
................


You could see 2 dart slugs, an endoplasm, a goblin (wandering), a bat and 2
kobolds.

Vanquished Creatures
  A dart slug (D:1)
  A bat (D:2)
  3 endoplasms (D:1)
  2 hobgoblins
  A ball python (D:1)
  4 rats (D:1)
12 creatures vanquished.

Notes
Turn   | Place    | Note
-------+----------+-------------------------------------------
     0 | D:1      | Psyclone the Octopode Conjurer began the quest for the Orb.
     0 | D:1      | Reached XP level 1. HP: 11/11 MP: 3/3
   181 | D:2      | Reached XP level 2. HP: 17/17 MP: 3/5
   232 | D:2      | Found an opulent altar of Gozag.
   236 | D:2      | Found a faded altar of an unknown god.
   439 | D:1      | Slain by an endoplasm

Illustrated notes

Levels and vault maps discovered:
D:1:      lightli_arrival_isolated_outpost, layout_basic
D:2:      minmay_alternating_diamond, layout_basic, basic_altar,
          basic_ecumenical_altar, serial_forest, infiniplex_forest_end_2,
          infiniplex_forest_clump_curved, infiniplex_forest_lined_2,
          infiniplex_forest_pool, infiniplex_forest_lined_3,
          infiniplex_forest_clump_curved

Skill      XL: |  1 |
---------------+----+-----
Stealth        | 3 |  3.2
Dodging        | |  2.2
Spellcasting   | |  2.2
Conjurations   | |  4.1

Action                     || total
---------------------------++-------
  Melee: Unarmed           ||     5
         Constrict         ||     3
         Tentacles         ||     3
   Cast: Magic Dart        ||    18
 Armour: Skin              ||     3
  Dodge: Dodged            ||    21
